 Seeded DCSS version 0.30-a0-140-gd1020e658a (webtiles) character file.

Game seed: 13627293396765213313 (custom seed)

44214 SigmundSlayer the Eclecticist (level 13, -7/78 HPs)
             Began as a Deep Elf Conjurer on Sept 25, 2022.
             Was a High Priest of Vehumet.
             Killed by the air
             ... invoked by a wind drake
              (11 damage)
             ... on level 5 of the Lair of Beasts.
             The game lasted 00:54:17 (18824 turns).

SigmundSlayer the Eclecticist (Deep Elf Conjurer)  Turns: 18824, Time: 00:54:18

Health: -7/78      AC: 14    Str:  4    XL:     13   Next: 95%
Magic:  35/44      EV: 11    Int: 29    God:    Vehumet [*****.]
Gold:   1244       SH:  0    Dex: 13    Spells: 16/44 levels left

rFire   + . .      SeeInvis .    s - staff of fire
rCold   + . .      Faith    .    (no shield)
rNeg    . . .      Spirit   .    w - +1 troll leather armour {Pargi}
rPois   .          Reflect  .    z - +2 helmet
rElec   .          Harm     .    (no cloak)
rCorr   .          Rampage  +    (no gloves)
Will    +....      Clarity  +    i - +1 pair of boots "Sirghuxie" {Rampage}
Stlth   +++.......               c - amulet of regeneration
HPRegen 1.83/turn                a - ring of magical power
MPRegen 0.29/turn                j - +4 ring of protection

@: no status effects
A: camouflage 1, clarity, cold resistance 1
a: Renounce Religion


You were on level 5 of the Lair of Beasts.
You worshipped Vehumet.
Vehumet was extremely pleased with you.
You visited 3 branches of the dungeon, and saw 16 of its levels.
You also visited: Sewer, Bailey and Ice Cave.

You collected 1372 gold pieces.
You spent 128 gold pieces at shops.

Inventory:

Hand Weapons
 b - a +3 short sword of speed
Missiles
 p - a throwing net
Armour
 h - an orb of energy
 i - the +1 pair of boots "Sirghuxie" (worn) {Rampage}
   (You found it in a bailey)

   Rampage:   It bestows one free step when moving towards enemies.
 w - a +1 troll leather armour (worn) {Pargi}
 z - a +2 helmet (worn)
 J - +0 gold dragon scales
Magical Staves
 s - a staff of fire (weapon)
Jewellery
 a - a ring of magical power (left hand)
 c - an amulet of regeneration (around neck)
 j - a +4 ring of protection (right hand)
 t - an amulet of reflection
Wands
 d - a wand of polymorph (8)
 f - a wand of charming (9)
 u - a wand of digging (3)
 y - a wand of mindburst (5)
 C - a wand of flame (12)
 D - a wand of iceblast (11)
Scrolls
 e - 2 scrolls of torment
 k - 6 scrolls of teleportation
 m - 5 scrolls of fog
 q - a scroll of vulnerability
 B - 2 scrolls of poison
 E - a scroll of fear
 F - a scroll of summoning
 H - a scroll of identify
 K - a scroll of magic mapping
Potions
 l - 9 potions of curing
 n - 2 potions of cancellation
 o - 2 potions of might
 r - 2 potions of lignification
 v - 5 potions of brilliance
 x - 4 potions of attraction
 A - 3 potions of ambrosia
 G - 2 potions of invisibility
 I - 2 potions of heal wounds
Miscellaneous
 g - a condenser vane


   Skills:
 - Level 8.0 Fighting
 - Level 2.4 Dodging
 - Level 2.4 Stealth
 - Level 16.0 Spellcasting
 + Level 12.9 Conjurations
 - Level 8.0 Translocations
 + Level 12.9 Fire Magic
 - Level 8.0 Evocations


You had 16 spell levels left.
You knew the following spells:

 Your Spells              Type           Power      Damage    Failure   Level
a - Ignition              Fire           49%        3d14      28%         8
b - Searing Ray           Conj           100%       2d8       1%          2
c - Iskenderun's Mystic   Conj/Tloc      71%        2d14      1%          4
e - Scorch                Fire           100%       2d10      1%          2
f - Orb of Destruction    Conj           39%        9d11      4%          7
g - Fireball              Conj/Fire      49%        3d19      1%          5

Your spell library contained the following spells:

 Spells                   Type           Power      Damage    Failure   Level
 Sticky Flame             Conj/Fire      99%        2d11      1%          4
 Magic Dart               Conj           100%       1d8       0%          1
 Static Discharge         Conj/Air       100%       2-7/arc   1%          2
 Dazzling Flash           Conj/Hex       100%       N/A       1%          3
 Kindle Blastsparks       Fire/Tloc/Air  100%       2d18      1%          3
 Portal Projectile        Hex/Tloc       92%        N/A       1%          3
 Stone Arrow              Conj/Erth      100%       3d13      1%          3
 Flame Wave               Conj/Fire      99%        2d21      1%          4
 Fulminant Prism          Conj/Hex       28%        3d14      1%          4
 Passage of Golubria      Tloc           62%        N/A       1%          4
 Slow                     Hex            92%        N/A       3%          1
 Summon Guardian Golem    Hex/Summ       23%        N/A       11%         3
 Tukima's Dance           Hex            23%        N/A       11%         3
 Lee's Rapid Deconstruct  Erth           11%        3d9*      24%         5
 Yara's Violent Unravell  Hex/Tmut       11%        3d6       24%         5
 Animate Dead             Necr           23%        N/A       34%         4
 Leda's Liquefaction      Hex/Erth       11%        N/A       34%         4
 Petrify                  Tmut/Erth      23%        N/A       34%         4
 Spellforged Servitor     Conj/Summ      28%        N/A       45%         7
 Blade Hands              Tmut           11%        N/A       69%         5
 Summon Mana Viper        Hex/Summ       23%        N/A       69%         5
 Summon Cactus Giant      Summ           11%        N/A       99%         6
 Haunt                    Necr/Summ      11%        N/A       100%        7
 Infestation              Necr           11%        N/A       100%        8


Dungeon Overview and Level Annotations

Branches:
Dungeon (10/15)            Temple (1/1) D:7            Lair (5/5) D:9
 Shoals (0/4) Lair:2       Spider (0/4) Lair:2        Slime (0/5) Lair:4
  Sewer (visited)          Bailey (visited)           IceCv (visited)
    Orc: D:9-12

Altars:
Cheibriados
Dithmenos
Elyvilon
Kikubaaqudgha
Sif Muna
Vehumet
Wu Jian
Xom
Zin
The Shining One
Jiyva

Shops:
D:5 :   D:8 *

Annotations:
D:7 2 transporters, Dazliare's ghost, novice OpDe
D:9 1 runed translucent door
D:10 SirDiesAlot's ghost, journeyman MiGl


Innate Abilities, Weirdness & Mutations

Your skin changes colour to match your surroundings (Stealth+).
You possess an exceptional clarity of mind.
Your flesh is cold resistant. (rC+)


Message History

The death yak is knocked back by the mystic blast.
The death yak slams into the rock wall!
The death yak is severely wounded.
The mystic blast hits the death yak.
The death yak is moderately wounded.
The death yak is knocked back by the mystic blast.
The wind drake flaps its wings at you. The air twists around and strikes you!
* * * LOW HITPOINT WARNING * * *
The death yak gores you!
* * * LOW HITPOINT WARNING * * *
Casting: Iskenderun's Mystic Blast (safe; 1% risk of failure)
Confirm with . or Enter, or press ? or * to list all spells.
You erupt in a blast of force!
The mystic blast hits the elephant!!
You kill the elephant!
Vehumet accepts your kill.
You feel your power returning.
The mystic blast hits the four-headed hydra.
The four-headed hydra is severely wounded.
The four-headed hydra is knocked back by the mystic blast.
The four-headed hydra slams into the rock wall!
The four-headed hydra is almost dead.
The mystic blast hits the death yak.
The death yak is heavily wounded.
The death yak is knocked back by the mystic blast.
The death yak slams into the rock wall!
The death yak is heavily wounded.
The mystic blast hits the cane toad!
The cane toad is severely wounded.
The cane toad is knocked back by the mystic blast.
The cane toad slams into the rock wall!
The cane toad is almost dead.
The mystic blast hits the death yak!
The death yak is almost dead.
The death yak is knocked back by the mystic blast.
The death yak slams into the rock wall!
The death yak is almost dead.
The wind drake flaps its wings at you. The air twists around and strikes you!
You die...

..# :. . ..
..##### #.
....D#.#.#
...k...⌠.##
..........#.#
#Y.@.⌠†.#
..k..F.†Y....#
..k.#....##PP.#
(....#...# ...
. .....††. .
.......⌠... .#.
.......
#..⌠..⌠..⌠.


You could see 2 death yaks, a four-headed hydra, 2 wind drakes, a cane toad and
a rime drake.

Vanquished Creatures
  A white draconian (IceCv)
  A spark wasp (Lair:2)
  2 two-headed ogres (D:10)
  13 death yaks
  A lindwurm (Lair:2)
  Joseph (D:7)
  2 ice statues (IceCv)
  16 elephants
  5 black mambas
  A merfolk siren (Lair:2)
  4 cane toads
  Maggie (D:6)
  6 rime drakes
  An unseen horror (D:10)
  2 torpor snails
  6 komodo dragons
  2 freezing wraiths (D:10)
  2 polar bears
  A troll (D:10)
  2 hornets
  5 dream sheep
  19 blink frogs
  2 culicivoras (Lair:2)
  2 shadows
  A vampire (D:9)
  2 wyverns
  Eustachio (D:5)
  27 yaks
  4 steam dragons
  A basilisk (Lair:3)
  2 wraiths (D:10)
  Menkaure (D:4)
  15 water moccasins
  3 ice beasts
  2 sky beasts (D:7)
  7 orc warriors
  Pargi (Sewer)
  3 black bears
  12 wolves
  A centaur (D:9)
  A phantom (D:5)
  4 kobold brigands
  12 bullfrogs
  2 necrophages (D:5)
  2 gnoll sergeants
  8 scorpions (D:9)
  10 wights
  10 killer bees (D:8)
  4 lindwurm simulacra (IceCv)
  2 howler monkeys (D:8)
  2 electric eels (Lair:4)
  10 komodo dragon simulacra (IceCv)
  A quasit (D:8)
  3 jellies
  5 orc priests
  3 hounds
  4 iguanas
  Terence (D:2)
  3 orc wizards
  A wolf simulacrum (Lair:1)
  8 adders
  26 gnolls
  2 acid dragon simulacra (IceCv)
  3 shadow imps (D:8)
  2 white imps
  3 ufetubi (D:8)
  5 steam dragon simulacra (IceCv)
  3 dart slugs
  3 worms
  38 orcs
  15 ball pythons
  8 bats
  8 endoplasms
  6 giant cockroaches
  8 goblins
  10 hobgoblins
  10 jackals
  22 kobolds
  3 quokkas
  5 frilled lizards
  3 rats
  A butterfly (D:9)
461 creatures vanquished.

Vanquished Creatures (others)
  3 demonic plants (D:8)
  14 fungi
  15 plants
32 creatures vanquished.

Grand Total: 493 creatures vanquished

Notes
Turn   | Place    | Note
-------+----------+-------------------------------------------
     0 | D:1      | SigmundSlayer the Deep Elf Conjurer began the quest for the
                  | Orb.
     0 | D:1      | Reached XP level 1. HP: 10/10 MP: 6/6
   145 | D:1      | Reached skill level 4 in Spellcasting
   145 | D:1      | Reached XP level 2. HP: 15/15 MP: 5/9
   401 | D:1      | Reached XP level 3. HP: 19/19 MP: 8/11
   447 | D:1      | Reached skill level 5 in Spellcasting
   545 | D:1      | Found a faded altar of an unknown god.
   909 | D:1      | Learned a level 2 spell: Searing Ray
  1004 | D:2      | Noticed Terence
  1012 | D:2      | Killed Terence
  1013 | D:2      | Reached skill level 5 in Conjurations
  1013 | D:2      | Reached XP level 4. HP: 24/24 MP: 7/13
  2260 | D:3      | Learned a level 4 spell: Iskenderun's Mystic Blast
  2272 | D:3      | You fall into a shaft and drop 2 floors!
  2272 | D:5      | Entered Level 5 of the Dungeon
  2294 | D:5      | Noticed a phantom
  2303 | D:5      | Killed a phantom
  2304 | D:5      | Reached XP level 5. HP: 28/28 MP: 4/14
  2414 | D:5      | Reached XP level 6. HP: 26/32 MP: 11/15
  2850 | D:5      | Noticed Eustachio
  2869 | D:5      | Killed Eustachio
  2870 | D:5      | Reached XP level 7. HP: 15/36 MP: 1/16
  3170 | D:4      | Reached skill level 1 in Translocations
  3202 | D:4      | Noticed Menkaure
  3208 | D:4      | Killed Menkaure
  3267 | D:4      | Found a glowing drain.
  3329 | Sewer    | Entered a sewer
  3481 | Sewer    | Noticed Pargi
  3488 | Sewer    | Killed Pargi
  3870 | D:3      | Found an ornate altar of the Wu Jian Council.
  4682 | D:4      | Reached skill level 5 in Translocations
  4682 | D:4      | Reached XP level 8. HP: 29/41 MP: 1/17
  6139 | D:5      | Found Kuasuh's Book Shop.
  6970 | D:6      | Noticed Maggie
  6984 | D:6      | Gained mutation: You are occasionally teleported next to
                  | monsters. [potion of mutation]
  6984 | D:6      | Gained mutation: You are partially covered in iridescent
                  | scales. (AC +2) [potion of mutation]
  7235 | D:6      | Killed Maggie
  7236 | D:6      | Reached skill level 7 in Spellcasting
  7458 | D:7      | Reached skill level 8 in Spellcasting
  7458 | D:7      | Reached XP level 9. HP: 46/46 MP: 23/23
  7460 | D:7      | Reached skill level 1 in Fighting
  7649 | D:7      | Found an ancient bone altar of Kikubaaqudgha.
  7684 | D:7      | Found a staircase to the Ecumenical Temple.
  7684 | D:7      | Found a white marble altar of Elyvilon.
  7706 | D:7      | Noticed Joseph
  7731 | D:7      | Killed Joseph
  7732 | D:7      | Reached skill level 5 in Fighting
  7782 | D:7      | Found a flagged portal.
  7810 | Bailey   | Entered a bailey
  8246 | Bailey   | Noticed an orc knight
  8259 | Bailey   | Identified the +1 pair of boots "Sirghuxie" {Rampage}
  8628 | Temple   | Entered the Ecumenical Temple
  8634 | Temple   | Became a worshipper of Vehumet
  8658 | D:7      | Found a transporter.
  8661 | D:7      | Noticed Dazliare's ghost (novice OpDe)
  8721 | D:7      | Found a transporter.
  8738 | D:7      | Got Sif Muna's Precepts of Flamy Charms
  9149 | D:8      | Reached XP level 10. HP: 63/63 MP: 24/24
  9458 | D:8      | Identified the +10 scale mail "Fiublos" {rN++}
  9469 | D:8      | Found Xaicacsiut's General Store.
  9752 | D:8      | Bought a potion of mutation for 128 gold pieces
  9752 | D:8      | Lost mutation: You are occasionally teleported next to
                  | monsters. [potion of mutation]
  9752 | D:8      | Lost mutation: You are partially covered in iridescent
                  | scales. (AC +2) [potion of mutation]
  9752 | D:8      | Gained mutation: You possess an exceptional clarity of
                  | mind. [potion of mutation]
  9752 | D:8      | Gained mutation: Your skin changes colour to match your
                  | surroundings (Stealth+). [potion of mutation]
  9752 | D:8      | Gained mutation: Your flesh is cold resistant. (rC+)
                  | [potion of mutation]
  9849 | D:8      | Reached * piety under Vehumet
  9849 | D:8      | Offered knowledge of Shock by Vehumet.
 10035 | D:9      | Found a shimmering altar of Xom.
 10166 | D:9      | Reached skill level 9 in Spellcasting
 10403 | D:9      | Found a runed translucent door.
 10406 | D:9      | Found a runed translucent door.
 10411 | D:9      | Reached skill level 10 in Spellcasting
 10544 | D:9      | Found a staircase to the Lair.
 10701 | D:9      | Reached ** piety under Vehumet
 10701 | D:9      | Offered knowledge of Static Discharge by Vehumet.
 10712 | D:9      | Reached skill level 11 in Spellcasting
 11043 | D:9      | Reached skill level 12 in Spellcasting
 11046 | D:9      | Learned a level 2 spell: Static Discharge
 11354 | D:9      | Learned a level 4 spell: Flame Wave
 11366 | D:10     | Entered Level 10 of the Dungeon
 11431 | D:10     | Reached skill level 1 in Fire Magic
 11715 | D:10     | Noticed a two-headed ogre
 11726 | D:10     | Killed a two-headed ogre
 11727 | D:10     | Reached XP level 11. HP: 68/68 MP: 20/29
 12200 | D:10     | Found a runed translucent gate.
 12200 | D:10     | Found a runed translucent gate.
 12200 | D:10     | Found a runed translucent gate.
 12207 | D:10     | Noticed SirDiesAlot's ghost (journeyman MiGl)
 12334 | D:10     | Noticed a two-headed ogre
 12338 | D:10     | Killed a two-headed ogre
 12339 | D:10     | Reached skill level 10 in Conjurations
 12394 | D:10     | Offered knowledge of Mephitic Cloud by Vehumet.
 12533 | D:10     | Reached skill level 5 in Fire Magic
 12998 | Lair:1   | Entered Level 1 of the Lair of Beasts
 13001 | Lair:1   | Found a frozen archway.
 13020 | IceCv    | Entered an ice cave
 13026 | IceCv    | Reached *** piety under Vehumet
 13392 | IceCv    | Offered knowledge of Airstrike by Vehumet.
 13396 | IceCv    | Learned a level 2 spell: Scorch
 13433 | IceCv    | Got the Compilation of the Rocks and Outbursts
 13567 | IceCv    | Noticed a white draconian
 13582 | IceCv    | Killed a white draconian
 13979 | Lair:1   | Reached skill level 1 in Evocations
 14515 | Lair:1   | Reached skill level 10 in Fire Magic
 14515 | Lair:1   | Reached **** piety under Vehumet
 14517 | Lair:1   | Offered knowledge of Olgreb's Toxic Radiance by Vehumet.
 14520 | Lair:1   | Reached XP level 12. HP: 24/73 MP: 30/30
 14566 | Lair:1   | Learned a level 8 spell: Ignition
 14644 | Lair:1   | Noticed a death yak
 14645 | Lair:1   | Noticed a death yak
 14646 | Lair:1   | Noticed a death yak
 14652 | Lair:1   | Noticed a death yak
 14656 | Lair:1   | Killed a death yak
 14657 | Lair:1   | Reached skill level 5 in Evocations
 14659 | Lair:1   | Killed a death yak
 14660 | Lair:1   | Killed a death yak
 14662 | Lair:1   | Killed a death yak
 14980 | Lair:1   | Learned a level 7 spell: Orb of Destruction
 15476 | Lair:2   | Noticed a boulder beetle
 15480 | Lair:2   | a boulder beetle changed into a spark wasp
 15480 | Lair:2   | Noticed a spark wasp
 15489 | Lair:2   | Killed a spark wasp
 15815 | Lair:2   | Found a staircase to the Shoals.
 15870 | Lair:2   | Reached skill level 13 in Spellcasting
 16011 | Lair:2   | Found a hole to the Spider Nest.
 16206 | Lair:3   | Reached ***** piety under Vehumet
 16212 | Lair:3   | Offered knowledge of Fireball by Vehumet.
 16356 | Lair:3   | Learned a level 5 spell: Fireball
 16539 | Lair:3   | Reached XP level 13. HP: 69/78 MP: 30/32
 17630 | Lair:4   | Reached skill level 14 in Spellcasting
 17801 | Lair:4   | Reached skill level 15 in Spellcasting
 18165 | Lair:4   | Reached skill level 16 in Spellcasting
 18598 | Lair:4   | Found a staircase to the Slime Pits.
 18599 | Lair:4   | Found a viscous altar of Jiyva.
 18661 | Lair:5   | Entered Level 5 of the Lair of Beasts
 18677 | Lair:5   | Offered knowledge of Sticky Flame by Vehumet.
 18823 | Lair:5   | HP: 2/78 [death yak (15)]
 18824 | Lair:5   | Killed from afar by a wind drake

Illustrated notes

Levels and vault maps discovered:
D:1:      minmay_arrival_four_houses, layout_rooms,
          hellmonk_ecumenical_altar_crossroads, minmay_misc_feat_doors
D:2:      layout_basic, uniq_terence
D:3:      layout_basic, mainiacjoe_overflow_small_starburst,
          kennysheep_minor_cross
D:4:      layout_layer_cave, portal_sewer_entry_b, uniq_menkaure
D:5:      layout_gridville, serial_shops, nicolae_shop_window_shopping,
          corexii_shack, uniq_eustachio
D:6:      layout_rooms, uniq_maggie
D:7:      layout_cave_pools, amcnicky_altar_gilded, kennysheep_mini,
          minmay_temple_entry_steel_oval, gammafunk_ghost_smash, enter_bailey_4,
          uniq_joseph
D:8:      layout_rooms, serial_shops, shop, serial_demonic, serial_demonic_b,
          serial_demonic_f, serial_demonic_f, serial_demonic_d
D:9:      lemuel_insect_pit, layout_loops_cross, lemuel_doored_altar,
          lair_entry_dummy
D:10:     layout_roguey, gammafunk_ghost_spectres, hex_large
Temple:   compressed_dpeg_circular_temple
Lair:1:   layout_regular_city, portal_ice_cave_entry_ice_simulacra,
          grunt_megastairs_4
Lair:2:   layout_chaotic_city, minmay_shoals_entry_lonely_mermaid,
          hellmonk_spider_entry_life_and_decay, serial_bayou_shore_b
Lair:3:   nzn_winding_woodlands_medium [nzn_winding_woodlands_5x5_checkerboard,
          nzn_winding_woodlands_5x15_sidewinder,
          nzn_winding_woodlands_5x5_perimeter,
          nzn_winding_woodlands_5x5_closed_star,
          nzn_winding_woodlands_center_triple_pond,
          nzn_winding_woodlands_5x5_cross, nzn_winding_woodlands_5x5_three,
          nzn_winding_woodlands_5x15_split_checker,
          nzn_winding_woodlands_5x5_default], layout_cave_pods,
          serial_bayou_shore_b
Lair:4:   layout_gridlike, slime_entry_1, fungi_pond_lemuel
Lair:5:   gammafunk_lair_ancient_temple, layout_small_grid, grunt_megastairs_3

Skill      XL: |  1  2  3  4  5  6  7  8  9 10 11 12 13 |
---------------+----------------------------------------+-----
Spellcasting   | 4 5 8 12 13 16 | 16.0
Conjurations   | 5 6 7 8 9 10 11 12 | 12.9
Translocations | 5 8 |  8.0
Fighting       | 7 8 |  8.0
Fire Magic     | 2 10 11 12 | 12.9
Evocations     | 4 8 |  8.0
Dodging        | |  2.4
Stealth        | |  2.4

Action                   |  1- 3 |  4- 6 |  7- 9 | 10-12 | 13-15 || total
-------------------------+-------+-------+-------+-------+-------++-------
Melee: Short sword       |       |     1 |    40 |       |       ||    41
       Staff             |       |       |       |    14 |     4 ||    18
       Punch             |       |       |       |     1 |       ||     1
 Cast: Magic Dart        |    54 |    79 |   196 |   131 |       ||   460
       Searing Ray       |     1 |    11 |    70 |    43 |     1 ||   126
       Iskenderun's Myst |       |       |    12 |   124 |    65 ||   201
       Scorch            |       |       |       |   109 |    58 ||   167
       Flame Wave        |       |       |       |    20 |       ||    20
       Fireball          |       |       |       |       |     7 ||     7
Evoke: Wand              |       |       |     1 |     1 |       ||     2
       Condenser vane    |       |       |       |     1 |       ||     1
  Use: Potion            |       |     2 |    10 |     3 |       ||    15
       Scroll            |       |       |    26 |    11 |       ||    37
Armor: Robe              |     1 |     6 |     7 |       |       ||    14
       Troll leather arm |       |       |    29 |    54 |    35 ||   118
Dodge: Dodged            |     3 |    32 |    97 |    95 |    26 ||   253

Table legend: (Time is in decaauts)
 A = Elapsed time spent in this place.
 B = Non-inter-level travel time spent in this place.
 C = Inter-level travel time spent in this place.
 D = Time resting spent in this place.
 E = Time spent auto-exploring this place.
 F = Levels seen in this place.
 G = Mean time per level.
                   A        B        C        D        E       F      G
               +--------+--------+--------+--------+--------+-----+--------+
         Total |  18838 |  18377 |    461 |   2292 |  12899 |  19 |  991.5 |
       Dungeon |  11980 |  11647 |    333 |   1398 |   8315 |  10 | 1198.0 |
        Temple |     12 |      7 |      5 |      0 |      0 |   1 |   12.0 |
          Lair |   4924 |   4801 |    123 |    525 |   3639 |   5 |  984.8 |
         Sewer |    348 |    348 |      0 |      0 |    282 |   1 |  348.0 |
        Bailey |    656 |    656 |      0 |    274 |    118 |   1 |  656.0 |
      Ice Cave |    916 |    916 |      0 |     94 |    543 |   1 |  916.0 |
               +--------+--------+--------+--------+--------+-----+--------+

Top non-repeatable levels by time:
     D:4: 1753 daAuts
  Lair:3: 1562 daAuts
    D:10: 1521 daAuts
     D:9: 1511 daAuts
  Lair:2: 1209 daAuts
     D:5: 1162 daAuts
     D:2: 1127 daAuts
     D:3: 1095 daAuts
  Lair:1: 1083 daAuts
     D:6: 1069 daAuts
  Lair:4: 1043 daAuts
     D:1: 978 daAuts
     D:8: 934 daAuts
   IceCv: 916 daAuts
     D:7: 827 daAuts
